 Dungeon Crawl Stone Soup version 0.25.0-1-g7eea58d (webtiles) character file.

Game seed: 7087801524272863203

199083 sauken the Warrior (level 17, -1/160 HPs)
             Began as a Minotaur Gladiator on June 14, 2020.
             Was a High Priest of Makhleb.
             Killed from afar by a merfolk aquamancer (7 damage)
             ... with a ball of steam
             ... on level 4 of the Shoals.
             The game lasted 00:47:44 (36829 turns).

sauken the Warrior (Minotaur Gladiator)            Turns: 36829, Time: 00:47:45

Health: -1/160     AC: 33    Str: 21    XL:     17   Next: 83%
Magic:  28/28      EV: 29    Int:  8    God:    Makhleb [*****.]
Gold:   1910       SH: 17    Dex: 14    Spells: 20/32 levels left

rFire    . . .     SeeInvis +   Z - +2 war axe (flame)
rCold    + + .     Gourm    .   U - +4 kite shield
rNeg     . . .     Faith    .   B - +8 chain mail
rPois    .         Spirit   .   j - +2 hat
rElec    .         Reflect  .   i - +2 cloak {rCorr}
rCorr    +         Harm     .   R - +1 pair of gloves of the Teacher {rC++ Slay+3 SInv Stlth-}
MR       +++..                  l - +2 pair of boots
Stlth    ..........             D - amulet of the acrobat
HPRegen  0.36/turn              e - ring of protection from magic {MR+, !d}
MPRegen  0.21/turn              K - ring of protection from magic {MR+, !d}

@: mighty, acrobat, very slightly contaminated, very slow
A: retaliatory headbutt, horns 2, iridescent scales 1, sense surroundings 1
}: 1/15 runes: serpentine
a: Minor Destruction, Lesser Servant of Makhleb, Major Destruction, Greater
Servant of Makhleb, Renounce Religion


You were on level 4 of the Shoals.
You worshipped Makhleb.
Makhleb was extremely pleased with you.
You were hungry.

You visited 6 branches of the dungeon, and saw 32 of its levels.
You also visited: Ossuary.

You collected 3283 gold pieces.
You spent 1373 gold pieces at shops.

Inventory:

Hand Weapons
 H - a +2 war axe
   (You took it off an orc on level 6 of the Dungeon)
 Z - a +2 war axe of flaming (weapon)
   (You found it on level 13 of the Dungeon)
Missiles
 d - 6 throwing nets {=f, !d}
 L - 18 boomerangs
 M - 586 stones (quivered)
Armour
 i - a +2 cloak of preservation (worn)
   (You took it off Nikola on level 3 of the Snake Pit)
 j - a +2 hat (worn)
   (You found it on level 5 of the Dungeon)
 l - a +2 pair of boots (worn)
   (You found it on level 2 of the Dungeon)
 B - a +8 chain mail (worn)
   (You took it off an orc on level 4 of the Dungeon)
 R - the +1 pair of gloves of the Teacher (worn) {rC++ Slay+3 SInv Stlth-}
   (You acquired it on level 3 of the Snake Pit)

   It affects your accuracy and damage with ranged weapons and melee attacks
   (+3).
   It greatly protects you from cold.
   It lets you see invisible.
   It makes you less stealthy.
 U - a +4 kite shield (worn)
   (You took it off a naga warrior on level 4 of the Snake Pit)
Jewellery
 a - a +6 ring of intelligence
   (You found it on level 15 of the Dungeon)
 b - an uncursed ring of protection from cold {rC+, !d}
   (You found it on level 1 of the Shoals)
 e - a ring of protection from magic (left hand) {MR+, !d}
   (You found it on level 15 of the Dungeon)
 q - an uncursed ring of protection from cold {rC+, !d}
   (You found it on level 4 of the Dungeon)
 D - an amulet of the acrobat (around neck)
   (You found it on level 5 of the Dungeon)
 K - a ring of protection from magic (right hand) {MR+, !d}
   (You found it on level 8 of the Dungeon)
 S - the ring "Tuhets" {AC+4 Str+4}
   (You found it on level 1 of the Lair of Beasts)

   [ring of protection]

   It affects your AC (+4).
   It affects your strength (+4).
 T - a +4 ring of slaying
   (You found it on level 1 of the Lair of Beasts)
 W - an uncursed ring of protection from magic {MR+, !d}
   (You took it off a naga mage on level 4 of the Snake Pit)
 X - an uncursed ring of poison resistance {unknown}
   (You found it on level 2 of the Shoals)
Wands
 c - a wand of disintegration (40)
   (You found it on level 9 of the Dungeon)
 g - a wand of clouds (4)
   (You found it on level 2 of the Lair of Beasts)
 m - a wand of polymorph (13)
   (You found it on level 4 of the Dungeon)
 s - a wand of iceblast (3)
   (You found it on level 6 of the Lair of Beasts)
 x - a wand of flame (39)
   (You found it on level 15 of the Dungeon)
 Q - a wand of paralysis (7)
   (You found it on level 10 of the Dungeon)
Scrolls
 h - 11 scrolls of teleportation
 o - 6 scrolls of identify
 r - 18 scrolls of remove curse
 w - 2 scrolls of magic mapping {!r}
 y - 3 scrolls of immolation {!r}
 C - a scroll of fear
 I - 4 scrolls of fog
 N - 2 scrolls of blinking {!r}
 O - a scroll of silence {unknown}
Potions
 k - a potion of magic
 n - 7 potions of lignification {!q}
 p - 4 potions of flight
 t - 7 potions of haste
 u - 5 potions of might
 v - 11 potions of curing
 z - 2 potions of resistance
 A - 11 potions of heal wounds
 E - 2 potions of ambrosia
 G - 3 potions of stabbing
 J - 5 potions of mutation {!q}
 P - 2 potions of brilliance
Miscellaneous
 F - a lightning rod (4/4)
   (You found it on level 6 of the Lair of Beasts)
 V - a phantom mirror
Comestibles
 f - 46 rations


   Skills:
 - Level 16.7 Fighting
 - Level 16.0 Axes
 - Level 2.0 Throwing
 - Level 12.0 Armour
 - Level 12.0 Dodging
 + Level 13.6 Shields
 + Level 8.3 Spellcasting
 + Level 0.1 Conjurations
 - Level 3.2 Charms
 - Level 3.0 Transmutations
 - Level 2.6 Fire Magic
 + Level 3.6 Air Magic
 + Level 7.1 Poison Magic
 - Level 6.7 Invocations
 - Level 4.7 Evocations


You had 20 spell levels left.
You knew the following spells:

 Your Spells              Type           Power        Failure   Level  Hunger
a - Olgreb's Toxic Radia  Pois           ##......     56%         4    ####...
b - Ignite Poison         Fire/Tmut/Pois ##......     56%         3    ###....
s - Swiftness             Chrm/Air       #.......     43%         2    ##.....
x - Mephitic Cloud        Conj/Pois/Air  #.......     65%         3    ###....

Your spell library contained the following spells:

 Spells                   Type           Power        Failure   Level  Hunger
 Sting                    Tmut/Pois      ##..         16%         1    None
 Poisonous Vapours        Pois/Air       ##....       22%         2    ##.....
 Spider Form              Tmut/Pois      ##........   43%         3    ###....
 Shock                    Conj/Air       #...         52%         1    None
 Apportation              Tloc           #.....       78%         1    None
 Static Discharge         Conj/Air       #.......     88%         3    ###....
 Blink                    Tloc           N/A          89%         2    ##.....
 Sublimation of Blood     Necr           #.........   89%         2    ##.....
 Airstrike                Air            #.........   96%         4    ####...
 Lesser Beckoning         Tloc           #.........   98%         3    ###....
 Alistair's Intoxication  Tmut/Pois      ##......     99%         5    ######.
 Passage of Golubria      Tloc           N/A          100%        4    ####...
 Petrify                  Tmut/Erth      #.......     100%        4    ####...
 Irradiate                Conj/Tmut      #.........   100%        5    ######.
 Lightning Bolt           Conj/Air       #.........   100%        5    ######.
 Eringya's Noxious Bog    Tmut/Pois      ##........   100%        6    #######


Dungeon Overview and Level Annotations

Branches:
Dungeon (15/15)            Temple (1/1) D:7            Lair (6/6) D:8
 Shoals (4/4) Lair:3        Snake (4/4) Lair:2        Slime (0/5) Lair:5
    Orc (2/2) D:12            Elf (0/3) Orc:2        Vaults (0/5) D:14
 Depths (0/5) D:15        Ossuary (visited)

Altars:
Ashenzari
Cheibriados
Dithmenos
Elyvilon
Fedhas
Gozag
Hepliaklqana
Kikubaaqudgha
Makhleb
Nemelex Xobeh
Okawaru
Qazlal
Ru
Sif Muna
Trog
Uskayaw
Vehumet
Wu Jian
Xom
Yredelemnul
Zin
The Shining One
Jiyva

Shops:
D:9 !   Orc:2 =}[   Snake:2 %!   Snake:4 ?

Portals:
Abyss: Lair:1
Trove: D:10 (give 4 potions of resistance)

Annotations:
Lair:1 2 transporters, Xixaub Eqygg's ghost, journeyman DrTm
Snake:1 Roxanne
Snake:3 2 runed translucent doors, TuffENuff's ghost, adept FoFi


Innate Abilities, Weirdness & Mutations

You reflexively headbutt those who attack you in melee.
You have a pair of horns on your head.
You are partially covered in iridescent scales. (AC +2)
You passively map a small area around you.


Message History

The water elemental hits you.
The water elemental engulfs you in water!
You take 7 damage, and have 115/160 hp.
You slash the merfolk aquamancer! You burn the merfolk aquamancer.
You slash the water elemental! You burn the water elemental.
You slash the water elemental! You burn the water elemental.
Your lungs strain for air!
The merfolk aquamancer points at you and mumbles some strange words.
The shard of ice hits you. You partially resist.
The merfolk closely misses you. You block the water elemental's attack.
The water elemental hits you.
You take 12 damage, and have 103/160 hp.
Unknown command.
You slash the merfolk aquamancer! You burn the merfolk aquamancer.
You headbutt the merfolk aquamancer! You slash the water elemental!
You burn the water elemental.
You hit the water elemental but do no damage.
Your lungs strain for air!
Your smoke demon completely misses the water elemental.
Your smoke demon hits the water elemental but does no damage.
Your smoke demon hits the water elemental.
The merfolk aquamancer gestures wildly while chanting.
The merfolk aquamancer blinks!
You block the merfolk's attack.
You block the water elemental's attack. x2
You take 3 damage, and have 100/160 hp.
Unknown command.
You slip free of the water engulfing you.
You gasp with relief as air once again reaches your lungs.
You block the merfolk's attack.
Your smoke demon closely misses the water elemental. x2
Your smoke demon hits the water elemental.
The merfolk aquamancer gestures wildly while chanting.
The merfolk aquamancer blinks!
The water elemental hits you.
The water elemental engulfs you in water!
You slice the merfolk!! You burn the merfolk!
Your chain mail prevents you from hitting the water elemental.
You slash the water elemental! You burn the water elemental.
You completely miss the merfolk.
Your lungs strain for air!
The merfolk barely misses you. You furiously retaliate!
You headbutt the merfolk!
You kill the merfolk!
Makhleb accepts your kill.
You feel better.
Your smoke demon barely misses the water elemental.
Your smoke demon hits the water elemental.
Your smoke demon completely misses the water elemental.
You regained 6 hp, and now have 106/160 hp.
You slash the water elemental! You burn the water elemental.
You destroy the water elemental!
Makhleb accepts your kill.
You feel better.
You slash the merfolk! You burn the merfolk. You hit the water elemental.
You burn the water elemental.
Your lungs strain for air!
The merfolk closely misses you. You block the water elemental's attack.
You regained 7 hp, and now have 113/160 hp.
You slash the merfolk! You burn the merfolk. You hit the water elemental.
You burn the water elemental.
You destroy the water elemental!
Makhleb accepts your kill.
You gasp with relief as air once again reaches your lungs.
The merfolk aquamancer gestures at you while chanting.
The ball of steam hits you!! The merfolk misses you.
You take 30 damage, and have 83/160 hp.
You barely miss the merfolk. Your headbutt misses the merfolk.
You are engulfed in a cloud of scalding steam.
You hit the merfolk. You burn the merfolk.
You headbutt the merfolk, but do no damage.
You are engulfed in a cloud of scalding steam.
You block the merfolk's attack.
You take 3 damage, and have 80/160 hp.
You slice the merfolk!! You burn the merfolk.
You kill the merfolk!
Makhleb accepts your kill.
You feel better.
You are engulfed in a cloud of scalding steam.
The merfolk aquamancer points at you and mumbles some strange words.
The torrent of water hits you!!!
The wave splashes down.
Splash!
You fall into the shallow water.
Moving in this stuff is going to be slow.
You hear a shout!
You take 28 damage, and have 52/160 hp.
You are feeling hungry.
Things that are here:
a +0 trident; 6 silver boomerangs; a merfolk corpse The merfolk aquamancer points at you and mumbles some strange words.
The torrent of water hits you!!!
* * * LOW HITPOINT WARNING * * *
You are knocked back by the torrent of water.
Splash!
You fall into the shallow water.
Moving in this stuff is going to be slow.
The wave splashes down.
Things that are here:
a +0 trident; 6 silver boomerangs; a merfolk corpse You are engulfed in a cloud of scalding steam.
The merfolk aquamancer casts a spell at you.
The ball of steam hits you!
You die...

≈≈≈≈≈≈≈≈≈≈≈≈≈≈≈≈≈≈≈≈≈≈≈≈≈≈≈≈≈≈≈≈≈
≈≈≈≈≈≈≈≈≈≈≈≈≈≈≈≈≈≈≈≈≈≈≈≈≈≈≈≈≈≈≈≈≈
≈≈≈≈≈≈≈≈≈≈≈≈≈≈≈≈≈≈≈≈≈≈≈≈≈≈≈≈≈≈≈≈≈
≈≈≈≈≈≈≈≈≈≈≈≈≈≈≈≈≈≈≈≈≈≈≈.≈≈≈≈≈≈≈≈≈
≈≈≈≈≈≈≈≈≈≈≈≈≈≈≈≈≈≈≈≈≈..≈≈≈≈≈≈≈≈≈≈
≈≈≈≈≈≈≈≈≈≈≈≈≈≈≈≈≈..≈.≈≈≈≈≈≈≈≈≈≈≈≈
≈≈≈≈≈≈≈≈≈≈≈≈≈≈≈§.§≈..≈≈≈≈≈≈≈≈≈≈≈≈
≈≈≈≈≈≈≈≈≈≈≈≈≈≈≈.3§#..≈≈≈≈≈.≈≈≈≈≈≈
≈≈≈≈≈≈≈≈≈≈≈≈.≈.§@###...≈...≈≈≈≈≈≈
≈≈≈≈≈≈≈≈≈≈≈≈...m$..#(.?≈...≈≈≈≈≈≈
≈≈≈≈≈≈≈≈≈≈≈............≈≈≈≈≈≈≈≈≈≈
≈≈≈≈≈≈≈≈≈≈........≈≈≈≈≈.≈≈≈≈≈≈≈≈≈
≈≈≈≈≈≈≈≈,≈........≈≈≈≈..≈≈≈≈≈≈≈≈≈
≈≈≈≈≈≈≈≈,..........≈≈≈<.≈≈≈≈..≈≈≈
≈≈≈≈≈≈≈≈,.........≈≈≈≈≈.†≈≈...≈≈≈
≈≈≈≈≈≈≈≈,........≈≈≈≈≈...≈.....,≈
≈≈≈≈≈≈≈≈,,,,.....≈≈≈..≈.≈≈.....,,


You could see a merfolk aquamancer and a friendly smoke demon (summoned).

Vanquished Creatures
  Bai Suzhen (Shoals:3)
  Nikola (Snake:3)
  A kraken (Shoals:2)
  8 nagarajas
  A fire giant (D:10)
  Louise (Shoals:3)
  2 dire elephants (Lair:6)
  Azrael (Snake:3)
  A merfolk javelineer (Shoals:3)
  A merfolk impaler (Shoals:1)
  4 vault guards (D:14)
  9 naga warriors
  6 hydras
  A catoblepas (Lair:2)
  3 merfolk avatars
  4 centaur warriors
  5 ogre magi
  29 two-headed ogres
  3 merfolk aquamancers (Shoals:1)
  7 anacondas
  4 death yaks (Lair:3)
  3 shock serpents
  16 naga sharpshooters
  A fire crab (Lair:6)
  A salamander mystic (Snake:4)
  5 sea snakes
  3 naga ritualists
  2 wizards (D:14)
  A lindwurm (Lair:6)
  2 harpies (Lair:6)
  An orc knight (D:14)
  Pikel (D:9)
  3 mana vipers
  5 cyclopes
  5 fauns (Shoals:2)
  2 orc sorcerers (Orc:1)
  7 salamanders
  8 ugly things (D:14)
  5 elephants
  9 manticores
  4 merfolk sirens
  2 guardian serpents (Snake:1)
  29 naga magi
  A centaur zombie (D:11)
  25 black mambas
  3 water nymphs
  A torpor snail (Lair:2)
  2 gargoyles
  6 centaur skeletons
  12 spiny frogs
  9 komodo dragons
  5 yaktaurs (D:15)
  8 rime drakes
  2 tengu conjurers (D:14)
  3 meliai (D:14)
  A queen bee (shapeshifter) (D:15)
  7 trolls
  3 wind drakes
  3 hornets
  8 merfolk
  A polar bear (Lair:6)
  29 blink frogs
  Prince Ribbit (D:9)
  5 hippogriffs
  11 dream sheep
  6 snapping turtles
  Sigmund (D:5)
  A shadow (D:13)
  4 wraiths
  A spriggan (D:7)
  A vampire (D:11)
  7 wyverns
  2 humans (D:14)
  24 yaks
  2 fire elementals (Snake:3)
  6 water elementals
  5 basilisks
  11 vampire mosquitoes
  4 hungry ghosts
  49 nagas
  2 wargs
  2 acid dragons
  3 hell hounds (Snake:3)
  16 water moccasins
  A slave (D:9)
  10 porcupines
  20 orc warriors
  5 phantoms
  2 black bears
  4 ice beasts
  3 necrophages
  3 sky beasts
  31 ogres
  2 centaurs
  4 wolves
  19 crocodiles
  A big kobold (D:13)
  19 bullfrogs
  A wyvern zombie (D:6)
  A wyvern skeleton (D:13)
  A water moccasin skeleton (D:6)
  7 scorpions
  11 wights
  7 killer bees
  3 howler monkeys
  10 crimson imps
  2 bullfrog zombies
  8 hounds
  A gnoll shaman (D:4)
  5 jellies
  12 orc priests
  20 orc wizards
  6 iguanas
  10 worker ants
  A big kobold zombie (Ossuary)
  A hound zombie (D:6)
  3 hound skeletons
  9 mummies
  2 worker ant zombies (D:8)
  4 gnolls (D:4)
  A howler monkey skeleton (D:10)
  17 adders
  3 shadow imps
  An ooze (D:2)
  An adder skeleton (D:6)
  2 dart slugs
  3 leopard geckos
  100 orcs
  3 ball pythons
  9 giant cockroaches
  5 goblins
  4 hobgoblins
  16 jackals
  6 quokkas
  5 bats
  9 frilled lizards
  3 hobgoblin zombies (Ossuary)
  13 kobolds
  A kobold zombie (Ossuary)
  3 orc zombies (Ossuary)
  3 rats
  5 fungi
  2 tentacles (Shoals:2)
965 creatures vanquished.

Vanquished Creatures (collateral kills)
  Rupert (Lair:3)
  Frances (Shoals:2)
  An orc warlord (Orc:1)
  A naga warrior (Snake:4)
  A satyr (Shoals:2)
  2 merfolk aquamancers (Shoals:1)
  Erica (D:11)
  A two-headed ogre (Orc:2)
  Urug (Orc:2)
  2 naga sharpshooters
  A shock serpent (Snake:2)
  A merfolk siren (Shoals:2)
  An elephant (Lair:6)
  A rime drake (Lair:6)
  A merfolk (Shoals:3)
  A hornet (Lair:6)
  A polar bear (Lair:6)
  3 ogres (Orc:2)
  An electric eel (Snake:3)
  An orc (Orc:2)
24 creatures vanquished.

Vanquished Creatures (others)
  A black mamba (Snake:2)
  A naga mage (Snake:3)
  9 fungi
  13 plants
  3 tentacles (Shoals:2)
27 creatures vanquished.

Grand Total: 1016 creatures vanquished

Notes
Turn   | Place    | Note
-------+----------+-------------------------------------------
     0 | D:1      | sauken the Minotaur Gladiator began the quest for the Orb.
     0 | D:1      | Reached XP level 1. HP: 18/18 MP: 0/0
   139 | D:1      | Reached skill level 4 in Axes
   268 | D:1      | Reached XP level 2. HP: 24/25 MP: 1/1
  1059 | D:2      | Reached skill level 3 in Fighting
  1243 | D:2      | Reached XP level 3. HP: 31/31 MP: 2/2
  1403 | D:2      | Reached skill level 5 in Axes
  1624 | D:2      | Reached XP level 4. HP: 38/38 MP: 3/3
  1634 | D:2      | Noticed a phantom
  1675 | D:2      | Killed a phantom
  1675 | D:2      | Reached skill level 4 in Fighting
  1675 | D:2      | Reached skill level 6 in Axes
  1675 | D:2      | Reached XP level 5. HP: 27/46 MP: 4/4
  2340 | D:3      | Found a sacrificial altar of Ru.
  2390 | D:3      | Found a sparkling altar of Nemelex Xobeh.
  2420 | D:3      | Reached skill level 7 in Axes
  2634 | D:3      | Reached XP level 6. HP: 52/53 MP: 5/5
  2738 | D:3      | Found a shattered altar of Ashenzari.
  2752 | D:3      | Reached skill level 8 in Axes
  2879 | D:3      | Noticed a shadow
  2880 | D:3      | Found a shadowy altar of Dithmenos.
  2881 | D:3      | Found a hazy altar of Hepliaklqana.
  3386 | D:4      | Found a sand-covered staircase.
  3487 | D:4      | Found a glowing golden altar of the Shining One.
  3530 | Ossuary  | Entered an ossuary
  3553 | Ossuary  | Reached XP level 7. HP: 40/59 MP: 6/6
  3661 | Ossuary  | Reached skill level 9 in Axes
  4160 | D:4      | Reached skill level 10 in Axes
  4419 | D:4      | Reached skill level 1 in Armour
  4572 | D:4      | You fall into a shaft and drop 3 floors!
  4593 | D:7      | Reached skill level 2 in Armour
  4674 | D:6      | Reached skill level 5 in Fighting
  4674 | D:6      | Reached XP level 8. HP: 67/67 MP: 7/7
  4682 | D:6      | Reached skill level 3 in Armour
  4688 | D:6      | Noticed a troll
  4706 | D:6      | Found a radiant altar of Vehumet.
  4732 | D:5      | Entered Level 5 of the Dungeon
  4749 | D:5      | Reached skill level 6 in Fighting
  4961 | D:5      | Reached skill level 4 in Armour
  4964 | D:5      | Noticed Sigmund
  4981 | D:5      | Killed Sigmund
  5128 | D:5      | Reached skill level 5 in Armour
  5174 | D:5      | Reached skill level 7 in Fighting
  5266 | D:5      | Found a snail-covered altar of Cheibriados.
  5350 | D:5      | Reached skill level 6 in Armour
  5511 | D:5      | Found a shadowy altar of Dithmenos.
  6008 | D:6      | Reached skill level 8 in Fighting
  6008 | D:6      | Reached XP level 9. HP: 80/80 MP: 8/8
  6039 | D:6      | Reached skill level 7 in Armour
  6088 | D:6      | Killed a troll
  6088 | D:6      | Reached skill level 9 in Fighting
  6111 | D:6      | Reached skill level 8 in Armour
  7048 | D:7      | Reached skill level 10 in Fighting
  7055 | D:7      | Reached skill level 4 in Dodging
  7186 | D:7      | Found a staircase to the Ecumenical Temple.
  7192 | Temple   | Entered the Ecumenical Temple
  7316 | Temple   | Became a worshipper of Makhleb the Destroyer
  7616 | D:8      | Noticed a two-headed ogre
  7628 | D:8      | Killed a two-headed ogre
  7628 | D:8      | Reached skill level 11 in Axes
  7628 | D:8      | Reached skill level 5 in Dodging
  7628 | D:8      | Reached XP level 10. HP: 91/93 MP: 9/9
  7653 | D:8      | Noticed a two-headed ogre
  7663 | D:8      | Killed a two-headed ogre
  8038 | D:8      | Reached skill level 12 in Axes
  8244 | D:8      | Reached skill level 6 in Dodging
  8253 | D:8      | Found a staircase to the Lair.
  8357 | D:8      | Found an ancient bone altar of Kikubaaqudgha.
  8414 | D:8      | Found a shimmering altar of Xom.
  8447 | D:8      | Noticed a manticore
  8456 | D:8      | Killed a manticore
  8751 | D:8      | Reached * piety under Makhleb
  9131 | D:9      | Noticed a two-headed ogre
  9143 | D:9      | Killed a two-headed ogre
  9143 | D:9      | Reached skill level 13 in Axes
  9143 | D:9      | Reached skill level 7 in Dodging
  9334 | D:9      | Found an ornate altar of the Wu Jian Council.
  9353 | D:9      | Noticed Prince Ribbit
  9362 | D:9      | Killed Prince Ribbit
  9611 | D:9      | Noticed a two-headed ogre
  9617 | D:9      | Killed a two-headed ogre
  9617 | D:9      | Reached XP level 11. HP: 67/99 MP: 10/10
  9742 | D:9      | Found Moolufirey's Distillery.
  9750 | D:9      | Bought a potion of heal wounds for 80 gold pieces
  9750 | D:9      | Bought 2 potions of haste for 320 gold pieces
  9750 | D:9      | Bought a potion of heal wounds for 80 gold pieces
  9750 | D:9      | Bought a potion of mutation for 128 gold pieces
  9750 | D:9      | Gained mutation: You passively map a small area around you.
                  | [potion of mutation]
  9750 | D:9      | Gained mutation: You are partially covered in iridescent
                  | scales. (AC +2) [potion of mutation]
  9772 | D:9      | Noticed Pikel
  9793 | D:9      | Killed Pikel
 10031 | D:9      | Found a glowing silver altar of Zin.
 10034 | D:9      | Found an iron altar of Okawaru.
 10037 | D:9      | Found a blossoming altar of Fedhas.
 10180 | D:10     | Entered Level 10 of the Dungeon
 10222 | D:10     | Noticed a two-headed ogre
 10236 | D:10     | Killed a two-headed ogre
 10236 | D:10     | Reached skill level 14 in Axes
 10236 | D:10     | Reached skill level 8 in Dodging
 10848 | D:10     | Found a portal to a secret trove of treasure.
 10869 | D:10     | Noticed a fire giant
 10896 | D:10     | Killed a fire giant
 10896 | D:10     | Reached skill level 15 in Axes
 11176 | D:10     | Got a shimmering robe
 11749 | Lair:1   | Entered Level 1 of the Lair of Beasts
 11815 | Lair:1   | Noticed a rakshasa
 11815 | Lair:1   | Noticed a brown ugly thing
 11817 | Lair:1   | Noticed a great orb of eyes
 11818 | Lair:1   | Noticed Xixaub Eqygg's ghost (journeyman DrTm)
 12582 | Lair:1   | Found a transporter.
 12587 | Lair:1   | Found a transporter.
 12605 | Lair:1   | Noticed a purple ugly thing
 12716 | Lair:1   | Found a one-way gate to the infinite horrors of the Abyss.
 12758 | Lair:1   | Reached skill level 16 in Axes
 12825 | Lair:1   | Reached skill level 1 in Invocations
 13048 | Lair:1   | Got a glittering ivory ring
 13089 | Lair:1   | Identified the ring "Tuhets" {AC+4 Str+4} (You found it on
                  | level 1 of the Lair of Beasts)
 13091 | Lair:1   | Reached skill level 9 in Armour
 13105 | Lair:1   | Reached skill level 2 in Invocations
 13364 | Lair:1   | Reached XP level 12. HP: 106/106 MP: 11/13
 13367 | Lair:1   | Reached skill level 3 in Invocations
 13389 | Lair:2   | Found a staircase to the Snake Pit.
 13494 | Lair:2   | Reached skill level 9 in Dodging
 13636 | Lair:2   | Noticed a catoblepas
 13662 | Lair:2   | Killed a catoblepas
 13850 | Lair:2   | Reached skill level 10 in Armour
 13850 | Lair:2   | Reached skill level 4 in Invocations
 13970 | Lair:2   | Noticed a six-headed hydra
 13976 | Lair:2   | Killed a six-headed hydra
 14008 | Lair:2   | Reached ** piety under Makhleb
 14195 | Lair:2   | Reached skill level 5 in Invocations
 14289 | Lair:2   | Reached skill level 10 in Dodging
 14379 | Lair:2   | You fall into a shaft and drop 1 floor!
 14634 | Lair:3   | Found a staircase to the Shoals.
 14661 | Lair:3   | Reached skill level 11 in Armour
 14722 | Lair:3   | Noticed Rupert
 14807 | Lair:3   | Reached skill level 6 in Invocations
 14873 | Lair:3   | Noticed a five-headed hydra
 14902 | Lair:3   | Killed a five-headed hydra
 14920 | Lair:3   | Reached *** piety under Makhleb
 15305 | Lair:3   | Reached XP level 13. HP: 113/113 MP: 17/17
 15325 | Lair:3   | Killed Rupert
 15464 | Lair:3   | Reached skill level 11 in Fighting
 15781 | Lair:4   | Reached skill level 12 in Fighting
 15914 | Lair:4   | Found a shadowy altar of Dithmenos.
 16282 | Lair:4   | Reached skill level 13 in Fighting
 16835 | Lair:5   | Found a basalt altar of Yredelemnul.
 16980 | Lair:5   | Found a staircase to the Slime Pits.
 16980 | Lair:5   | Found a viscous altar of Jiyva.
 17011 | Lair:5   | Got a colourful robe
 17318 | Lair:5   | Reached skill level 14 in Fighting
 17352 | Lair:5   | Reached **** piety under Makhleb
 17824 | Lair:6   | Entered Level 6 of the Lair of Beasts
 17911 | Lair:6   | Reached skill level 15 in Fighting
 18016 | Lair:6   | Noticed a dire elephant
 18038 | Lair:6   | Killed a dire elephant
 18097 | Lair:6   | Reached XP level 14. HP: 107/135 MP: 18/18
 18141 | Lair:6   | Reached skill level 16 in Fighting
 18239 | Lair:6   | Got an ancient ring mail
 18390 | Lair:6   | Got a polished long sword
 20000 | D:11     | Noticed Erica
 20007 | D:11     | Killed Erica
 20007 | D:11     | Reached skill level 11 in Dodging
 20007 | D:11     | Reached skill level 1 in Shields
 20159 | D:11     | Reached skill level 2 in Shields
 20700 | D:12     | Reached skill level 1 in Spellcasting
 20758 | D:12     | Identified the Tome of Venom and Orientation
 20826 | D:12     | Found a staircase to the Orcish Mines.
 20910 | D:12     | Learned a level 4 spell: Olgreb's Toxic Radiance
 21135 | D:12     | Reached skill level 3 in Shields
 21191 | D:12     | Reached skill level 12 in Armour
 21399 | D:13     | Reached ***** piety under Makhleb
 21866 | D:13     | Reached skill level 4 in Shields
 22121 | D:13     | Reached skill level 2 in Spellcasting
 22470 | D:14     | Reached skill level 3 in Spellcasting
 22596 | D:14     | Reached skill level 12 in Dodging
 22854 | D:14     | Reached skill level 4 in Spellcasting
 23214 | D:14     | Reached skill level 5 in Spellcasting
 23260 | D:14     | Reached XP level 15. HP: 145/145 MP: 21/21
 23459 | D:14     | Found a gate to the Vaults.
 23536 | D:15     | Entered Level 15 of the Dungeon
 23656 | D:15     | Reached skill level 6 in Spellcasting
 24215 | D:15     | Reached skill level 1 in Poison Magic
 24414 | D:15     | Reached skill level 2 in Poison Magic
 24437 | D:15     | Reached skill level 3 in Poison Magic
 24441 | D:15     | Found a staircase to the Depths.
 24575 | Orc:1    | Entered Level 1 of the Orcish Mines
 24599 | Orc:1    | Reached ****** piety under Makhleb
 24732 | Orc:1    | Found a shimmering altar of Xom.
 24854 | Orc:1    | Paralysed by an orc sorcerer for 5 turns
 25359 | Orc:2    | Entered Level 2 of the Orcish Mines
 25359 | Orc:2    | Noticed an orc warlord
 25368 | Orc:1    | Reached skill level 4 in Poison Magic
 25595 | Orc:2    | Found a staircase to the Elven Halls.
 25665 | Orc:2    | Reached skill level 5 in Poison Magic
 25741 | Orc:2    | Reached skill level 6 in Poison Magic
 25919 | Orc:1    | Killed an orc warlord
 26105 | Orc:2    | Learned a level 3 spell: Ignite Poison
 26196 | Orc:2    | Found Icojafoa's Gadget Shoppe.
 26196 | Orc:2    | Found Naric's Jewellery Shop.
 26197 | Orc:2    | Found Athromef's Antique Armour Boutique.
 26197 | Orc:2    | Found Kiby's Distillery.
 26239 | Orc:2    | Noticed Urug
 26259 | Orc:2    | Killed Urug
 26259 | Orc:2    | Reached skill level 7 in Poison Magic
 26825 | Snake:1  | Entered Level 1 of the Snake Pit
 26831 | Lair:2   | Learned a level 2 spell: Swiftness
 26857 | Snake:1  | Reached skill level 7 in Spellcasting
 27104 | Snake:1  | Reached skill level 1 in Air Magic
 27104 | Snake:1  | Reached XP level 16. HP: 115/152 MP: 25/25
 27110 | Snake:1  | Reached skill level 1 in Charms
 27404 | Snake:2  | Reached skill level 2 in Air Magic
 27577 | Snake:2  | Reached skill level 2 in Charms
 27588 | Snake:2  | Found Kiaqu's Distillery.
 27588 | Snake:2  | Found Firypif's Food Boutique.
 27597 | Snake:2  | Bought 2 potions of heal wounds for 200 gold pieces
 27597 | Snake:2  | Bought a potion of heal wounds for 100 gold pieces
 27597 | Snake:2  | Bought a potion of might for 80 gold pieces
 27597 | Snake:2  | Bought a potion of mutation for 160 gold pieces
 27799 | Snake:2  | Reached skill level 1 in Evocations
 27818 | Snake:2  | Reached skill level 2 in Evocations
 27866 | Snake:2  | Learned a level 3 spell: Mephitic Cloud
 28187 | Snake:3  | HP: 31/152 [naga sharpshooter/bolt (10)]
 28192 | Snake:2  | HP: 30/152 [poisoned by a naga sharpshooter (splash of
                  | poison)]
 28198 | Snake:2  | HP: 29/152 [poisoned by a naga sharpshooter (splash of
                  | poison)]
 28206 | Snake:2  | HP: 30/152 [poisoned by a naga sharpshooter (splash of
                  | poison)]
 28214 | Snake:2  | HP: 30/152 [poisoned by a naga sharpshooter (splash of
                  | poison)]
 28634 | Snake:3  | Reached skill level 3 in Evocations
 28636 | Snake:3  | Noticed Nikola
 28659 | Snake:3  | Killed Nikola
 28659 | Snake:3  | Reached skill level 3 in Air Magic
 29251 | Snake:3  | Found a large runed translucent door.
 29251 | Snake:3  | Found a large runed translucent door.
 29253 | Snake:3  | Noticed TuffENuff's ghost (adept FoFi)
 29360 | Snake:3  | Reached skill level 4 in Evocations
 29365 | Snake:3  | Identified a scroll of acquirement
 29367 | Snake:3  | Got the +1 pair of gloves of the Teacher {rC++ Slay+3 SInv
                  | Stlth-}
 29414 | Snake:3  | Reached skill level 3 in Charms
 29885 | Snake:3  | Noticed Azrael
 29898 | Snake:3  | Killed Azrael
 30502 | Snake:4  | Entered Level 4 of the Snake Pit
 30872 | Snake:4  | Reached skill level 1 in Transmutations
 30875 | Snake:4  | Reached skill level 1 in Fire Magic
 30894 | Snake:4  | Reached skill level 8 in Spellcasting
 31170 | Snake:4  | Reached skill level 2 in Transmutations
 31244 | Snake:4  | Reached skill level 2 in Fire Magic
 31573 | Snake:4  | Found Tiocia's Magic Scroll Shop.
 31589 | Snake:4  | Bought 2 scrolls of enchant weapon for 225 gold pieces
 31753 | Snake:4  | Reached skill level 3 in Transmutations
 32108 | Snake:4  | Reached XP level 17. HP: 155/160 MP: 28/28
 32121 | Snake:4  | Reached skill level 5 in Shields
 32329 | Snake:4  | Reached skill level 6 in Shields
 32382 | Snake:4  | Reached skill level 7 in Shields
 32410 | Snake:4  | HP: 40/160 [poisoned by a naga warrior]
 32415 | Snake:4  | HP: 39/160 [poisoned by a naga warrior]
 32422 | Snake:4  | HP: 38/160 [poisoned by a naga warrior]
 32429 | Snake:4  | HP: 39/160 [poisoned by a naga warrior]
 32437 | Snake:4  | HP: 40/160 [poisoned by a naga warrior]
 32970 | Snake:4  | Reached skill level 8 in Shields
 33157 | Snake:4  | Got a serpentine rune of Zot
 33227 | Snake:4  | Reached skill level 9 in Shields
 33592 | Snake:1  | Identified Roxanne's Tome of Moulding
 33592 | Snake:1  | Noticed Roxanne
 34073 | Snake:1  | Reached skill level 10 in Shields
 34525 | Shoals:1 | Entered Level 1 of the Shoals
 35135 | Shoals:1 | Reached skill level 11 in Shields
 36177 | Shoals:2 | Noticed Frances
 36190 | Shoals:2 | Killed Frances
 36190 | Shoals:2 | Reached skill level 12 in Shields
 36465 | Shoals:2 | Noticed a kraken
 36482 | Shoals:2 | Killed a kraken
 36526 | Shoals:3 | Noticed Louise
 36554 | Shoals:3 | Reached skill level 13 in Shields
 36560 | Shoals:3 | Killed Louise
 36648 | Shoals:3 | Noticed Bai Suzhen
 36681 | Shoals:3 | Killed Bai Suzhen
 36792 | Shoals:4 | Entered Level 4 of the Shoals
 36828 | Shoals:4 | HP: 5/160 [merfolk aquamancer/torrent of water (47)]
 36829 | Shoals:4 | Killed from afar by a merfolk aquamancer

Illustrated notes

Levels and vault maps discovered:
D:1:      evilmike_arrival_crescent, layout_loops_corners, item_on_display_a
D:2:      layout_loops_ring, first_ration
D:3:      layout_loops_ring, riverfiend_overflow_shadow_ancestor,
          nemelex_xobeh_ov_fountains_minmay, old_standard_altar,
          ashenzari_conservatory_becter
D:4:      layout_loops_corners, kennysheep_mini_moat,
          nicolae_ossuary_entry_false_entrances
D:5:      layout_gridville, slow_altar_1, nicolae_dithmenos_the_darkroom,
          uniq_sigmund
D:6:      layout_cave_pools, vehumet_altar_wand_db
D:7:      layout_cave_pools, temple_green, the_bakery
D:8:      layout_loops_corners, kiku_gazebo_garden_becter,
          kennysheep_little_box, lair_entry_dummy, kennysheep_generic_room_4
D:9:      layout_roguey, grunt_temple_overflow_cloverleaf, serial_shops, shop,
          uniq_pikel, uniq_prince_ribbit1
D:10:     layout_irregular_city, nicolae_trove_entry_crossroad, minivault_19,
          kennysheep_just_a_vault
D:11:     layout_rooms, serial_co_window_serial, co_window_cross_1,
          co_window_paths_a, co_window_paths_b, co_window_paths_a,
          co_window_corner_a, co_window_broadway_a, co_window_corner_b,
          co_window_unsneaky_path_c, co_window_paths_e, co_window_4corner_a,
          glass_columns_c, glass_columns_a, glass_columns_a, glass_columns_a,
          glass_columns_b, uniq_erica
D:12:     layout_loops_ring, orc_0_dummy
D:13:     layout_gridville
D:14:     layout_basic, grunt_vaults_entry_fortified, kennysheep_path_1,
          lemuel_another_geyser
D:15:     grunt_enter_depths_magical_seal, layout_loops_ring
Temple:   nicolae_temple_figure_zero
Lair:1:   layout_long_grid, gammafunk_ghost_abyssal_escape,
          chequers_serial_rivers_micro_a, beast_lair_carwin_3,
          grunt_megastairs_2
Lair:2:   layout_chaotic_city, guppyfry_snake_entry_island,
          serial_bayou_shore_b, lemuel_fruit_tree, serial_bayou_shore_b
Lair:3:   layout_regular_city, elwin_shoals_entry_rooms, grunt_megastairs_1,
          infiniplex_staircase_pool_2, uniq_rupert
Lair:4:   layout_cave_pods, basic_altar
Lair:5:   layout_gridlike, slime_altar_1, basic_altar
Lair:6:   gammafunk_lair_ancient_temple, layout_loops_ring, serial_rivers,
          chequers_serial_rivers_room_a, chequers_serial_rivers_small_a,
          chequers_serial_rivers_marsh, chequers_serial_rivers_small_3,
          chequers_serial_rivers_micro_a
Shoals:1: layout_shoals, nicolae_shoals_aquamancer_cove
Shoals:2: layout_shoals, uniq_ilsuiw, uniq_frances
Shoals:3: layout_shoals, uniq_louise, uniq_bai_suzhen
Shoals:4: shoals_end_simple, layout_shoals
Snake:1:  layout_misc_corridors, uniq_roxanne
Snake:2:  layout_rooms, minmay_shoptagon
Snake:3:  layout_cave_town, ebering_ghost_disaster_area, serial_bayou_shore_a,
          uniq_nikola, uniq_azrael
Snake:4:  snake_pit, layout_rooms, special_room, serial_shops, shop,
          grunt_ministairs_3
Orc:1:    layout_caves, basic_altar, nicolae_orc_pool_cavern
Orc:2:    st_orc_ogre_mass, layout_caves, uniq_urug

Skill      XL: |  1  2  3  4  5  6  7  8  9 10 11 12 13 14 15 16 17 |
---------------+----------------------------------------------------+-----
Axes           | 4 5 6 7 8 10 11 13 16 | 16.0
Fighting       | 3 4 5 8 10 15 16 | 16.7
Armour         | 2 6 8 9 11 12 | 12.0
Dodging        | 5 7 8 10 12 | 12.0
Invocations    | 2 6 |  6.7
Shields        | 4 13 | 13.6
Spellcasting   | 5 7 8 |  8.3
Poison Magic   | 7 |  7.1
Air Magic      | 1 3 |  3.6
Charms         | 3 |  3.2
Evocations     | 4 |  4.7
Transmutations | 3 |  3.0
Fire Magic     | 2 |  2.6
Throwing       | |  2.0
Conjurations   | |  0.1

Action                   |  1- 3 |  4- 6 |  7- 9 | 10-12 | 13-15 | 16-18 || total
-------------------------+-------+-------+-------+-------+-------+-------++-------
Melee: War axe           |    65 |   125 |   353 |   587 |  1112 |  1010 ||  3252
       Headbutt          |     7 |    22 |    58 |   133 |   269 |   285 ||   774
       Great sword       |       |       |       |       |     5 |       ||     5
Throw: Throwing net      |       |       |     3 |       |       |       ||     3
       Stone             |       |       |       |   228 |   477 |    85 ||   790
 Cast: Swiftness         |       |       |       |       |       |     1 ||     1
Invok: Lesser Servant of |       |       |       |       |    14 |    30 ||    44
Evoke: Wand              |       |       |       |    10 |    13 |    16 ||    39
  Use: Scroll            |       |     5 |     8 |    10 |    20 |    10 ||    53
       Potion            |       |       |     2 |     3 |     2 |     3 ||    10
 Stab: Confused          |       |       |       |       |     7 |       ||     7
       Distracted        |       |       |       |       |     2 |     7 ||     9
       Paralysed         |       |       |       |       |       |     4 ||     4
  Eat: Chunk             |     2 |     6 |    13 |    23 |    33 |     6 ||    83
       Ration            |       |       |     1 |     1 |     1 |     8 ||    11
Armor: Leather armour    |     7 |       |       |       |       |       ||     7
       Ring mail         |    15 |    62 |     6 |       |       |       ||    83
       Chain mail        |       |       |   200 |   294 |   446 |   467 ||  1407
       Skin              |       |       |    34 |       |       |       ||    34
Dodge: Dodged            |    55 |    82 |   150 |   262 |   652 |   527 ||  1728
Block: Buckler           |       |       |       |       |   136 |   112 ||   248
       Kite shield       |       |       |       |       |       |   335 ||   335
       Rpst.: Great sword |       |       |       |       |     3 |       ||     3

Levels and vault maps discovered:
D:1:      evilmike_arrival_crescent, layout_loops_corners, item_on_display_a
D:2:      layout_loops_ring, first_ration
D:3:      layout_loops_ring, riverfiend_overflow_shadow_ancestor,
          nemelex_xobeh_ov_fountains_minmay, old_standard_altar,
          ashenzari_conservatory_becter
D:4:      layout_loops_corners, kennysheep_mini_moat,
          nicolae_ossuary_entry_false_entrances
D:5:      layout_gridville, slow_altar_1, nicolae_dithmenos_the_darkroom,
          uniq_sigmund
D:6:      layout_cave_pools, vehumet_altar_wand_db
D:7:      layout_cave_pools, temple_green, the_bakery
D:8:      layout_loops_corners, kiku_gazebo_garden_becter,
          kennysheep_little_box, lair_entry_dummy, kennysheep_generic_room_4
D:9:      layout_roguey, grunt_temple_overflow_cloverleaf, serial_shops, shop,
          uniq_pikel, uniq_prince_ribbit1
D:10:     layout_irregular_city, nicolae_trove_entry_crossroad, minivault_19,
          kennysheep_just_a_vault
D:11:     layout_rooms, serial_co_window_serial, co_window_cross_1,
          co_window_paths_a, co_window_paths_b, co_window_paths_a,
          co_window_corner_a, co_window_broadway_a, co_window_corner_b,
          co_window_unsneaky_path_c, co_window_paths_e, co_window_4corner_a,
          glass_columns_c, glass_columns_a, glass_columns_a, glass_columns_a,
          glass_columns_b, uniq_erica
D:12:     layout_loops_ring, orc_0_dummy
D:13:     layout_gridville
D:14:     layout_basic, grunt_vaults_entry_fortified, kennysheep_path_1,
          lemuel_another_geyser
D:15:     grunt_enter_depths_magical_seal, layout_loops_ring
Temple:   nicolae_temple_figure_zero
Lair:1:   layout_long_grid, gammafunk_ghost_abyssal_escape,
          chequers_serial_rivers_micro_a, beast_lair_carwin_3,
          grunt_megastairs_2
Lair:2:   layout_chaotic_city, guppyfry_snake_entry_island,
          serial_bayou_shore_b, lemuel_fruit_tree, serial_bayou_shore_b
Lair:3:   layout_regular_city, elwin_shoals_entry_rooms, grunt_megastairs_1,
          infiniplex_staircase_pool_2, uniq_rupert
Lair:4:   layout_cave_pods, basic_altar
Lair:5:   layout_gridlike, slime_altar_1, basic_altar
Lair:6:   gammafunk_lair_ancient_temple, layout_loops_ring, serial_rivers,
          chequers_serial_rivers_room_a, chequers_serial_rivers_small_a,
          chequers_serial_rivers_marsh, chequers_serial_rivers_small_3,
          chequers_serial_rivers_micro_a
Shoals:1: layout_shoals, nicolae_shoals_aquamancer_cove
Shoals:2: layout_shoals, uniq_ilsuiw, uniq_frances
Shoals:3: layout_shoals, uniq_louise, uniq_bai_suzhen
Shoals:4: shoals_end_simple, layout_shoals
Snake:1:  layout_misc_corridors, uniq_roxanne
Snake:2:  layout_rooms, minmay_shoptagon
Snake:3:  layout_cave_town, ebering_ghost_disaster_area, serial_bayou_shore_a,
          uniq_nikola, uniq_azrael
Snake:4:  snake_pit, layout_rooms, special_room, serial_shops, shop,
          grunt_ministairs_3
Orc:1:    layout_caves, basic_altar, nicolae_orc_pool_cavern
Orc:2:    st_orc_ogre_mass, layout_caves, uniq_urug

Table legend:
 A = Turns spent in this place as a percentage of turns spent in the entire game.
 B = Non-inter-level travel turns spent in this place as a percentage of non-inter-level travel turns spent in the entire game.
 C = Inter-level travel turns spent in this place as a percentage of turns spent in this place.
 D = Turns resting spent in this place as a percentage of non-inter-level travel turns spent in this place.
 E = Turns spent auto-exploring this place as a percentage of non-inter-level travel turns spent in this place.
 F = Non-inter-level travel turns spent in this place divided by the number of levels of this place that you've seen.
                   A       B       C       D       E      F
               +-------+-------+-------+-------+-------+----------------------
         Total | 100.0 | 100.0 |   5.1 |  20.1 |  58.6 | 1059.6
       Dungeon |  45.6 |  45.2 |   5.9 |  13.1 |  68.3 | 1052.7
        Temple |   0.4 |   0.3 |  17.9 |   0.0 |  97.3 | 110.0
          Lair |  20.8 |  20.6 |   6.1 |   8.5 |  72.2 | 1201.0
        Shoals |   6.3 |   6.6 |   0.0 |  40.6 |  30.3 | 575.8
     Snake Pit |  20.2 |  20.4 |   3.9 |  41.7 |  34.1 | 1784.5
  Orcish Mines |   5.7 |   5.8 |   4.0 |  14.1 |  55.0 | 1006.0
       Ossuary |   1.1 |   1.2 |   0.0 |  40.4 |  36.3 | 408.0
               +-------+-------+-------+-------+-------+----------------------

Table legend:
 A = Kills in this place as a percentage of kills in entire the game.
 B = Kills by you in this place as a percentage of kills by you in the entire game.
 C = Kills by friends in this place as a percentage of kills by friends in the entire game.
 D = Other kills in this place as a percentage of other kills in the entire game.
 E = Experience gained in this place as a percentage of experience gained in the entire game.
 F = Experience gained in this place divided by the number of levels of this place that you have seen.
                   A       B       C       D       E      F
               +-------+-------+-------+-------+-------+----------------------
         Total | 100.0 | 100.0 | 100.0 | 100.0 | 100.0 | 8415.4
       Dungeon |  42.6 |  44.1 |   4.2 |   0.0 |  22.1 | 4087.7
          Lair |  19.2 |  18.5 |  20.8 |  75.0 |  20.8 | 9615.5
        Shoals |   6.2 |   5.8 |  25.0 |   0.0 |  12.8 | 8900.8
     Snake Pit |  17.1 |  16.9 |  20.8 |  25.0 |  33.1 | 22975.5
  Orcish Mines |  13.2 |  13.0 |  29.2 |   0.0 |  11.2 | 15510.5
       Ossuary |   1.6 |   1.7 |   0.0 |   0.0 |   0.1 | 174.0
               +-------+-------+-------+-------+-------+----------------------
